 Dungeon Crawl Stone Soup version 0.31.0-32-g396128a36d (webtiles) character file.

Game seed: 6536049780999347673

7714 GiantSquids the Severer (level 11, 0/151 HPs)
             Began as a Hill Orc Berserker on Apr 18, 2024.
             Was an Elder of Trog.
             Succumbed to a hornet's poison
             ... on level 9 of the Dungeon.
             The game lasted 00:22:36 (8574 turns).

GiantSquids the Severer (Hill Orc Berserker)        Turns: 8574, Time: 00:22:36

Health: 0/151      AC: 13    Str: 27    XL:     11   Next: 19%
Magic:  11/11      EV: 16    Int:  7    God:    Trog [****..]
Gold:   361        SH:  0    Dex: 13    Spells: 10/10 levels left

rFire   . . .        y - +3 whip
rCold   . . .        (no shield)
rNeg    . . .        p - +0 leather armour of the Maze {rElec Dex+3}
rPois   .            (no helmet)
rElec   +            a - +1 cloak of Truth {Str+2}
rCorr   .            b - +1 pair of gloves
SInv    .            (no boots)
Will    ++...        q - amulet of the acrobat Stlth
                     n - +5 ring of evasion
HPRegen 1.45/turn    r - +4 ring of protection
MPRegen 0.12/turn

%: acrobat
@: berserking, lethally poisoned (0 -> -3), strong-willed, regenerating, slowed
A: no striking features
a: Renounce Religion, Berserk, Trog's Hand, Brothers in Arms


You were on level 9 of the Dungeon.
You worshipped Trog.
Trog was greatly pleased with you.
You visited 1 branch of the dungeon, and saw 9 of its levels.

You collected 389 gold pieces.
You spent 28 gold pieces at shops.

Inventory:

Hand Weapons
 y - a +3 whip (weapon)
 D - a +0 halberd
Missiles
 g - 6 boomerangs (quivered)
 z - 2 throwing nets
 H - a curare-tipped dart
Armour
 a - the +1 cloak of Truth (worn) {Str+2}
   (You acquired it on level 5 of the Dungeon)

   Str+2:     It affects your strength (+2).
 b - a +1 pair of gloves (worn)
 p - the +0 leather armour of the Maze (worn) {rElec Dex+3}
   (You found it on level 2 of the Dungeon)

   Dex+3:     It affects your dexterity (+3).
   rElec:     It insulates you from electricity.
 B - a scarf of resistance
Jewellery
 n - a +5 ring of evasion (left hand)
 q - an amulet of the acrobat (around neck)
 r - a +4 ring of protection (right hand)
 C - a ring of fire
 G - a ring of positive energy
 K - a ring of flight
Wands
 J - a wand of acid (5)
 L - a wand of charming (7)
Scrolls
 c - 5 scrolls of identify
 j - a scroll of vulnerability {unknown}
 k - a scroll of fear
 l - 2 scrolls of blinking
 o - a scroll of immolation {unknown}
 s - a scroll of enchant armour
 v - a scroll of teleportation {unknown}
 A - a scroll of brand weapon {unknown}
Potions
 d - a potion of resistance {unknown}
 e - 2 potions of might {unknown}
 f - 4 potions of haste
 h - a potion of brilliance {unknown}
 i - 5 potions of heal wounds
 m - a potion of lignification {unknown}
 t - 2 potions of cancellation
 u - a potion of magic {unknown}
 w - a potion of degeneration {unknown}
 x - a potion of mutation {unknown}
 E - 3 potions of curing {unknown}
 F - 2 potions of enlightenment {unknown}
 I - a potion of attraction {unknown}


   Skills:
 + Level 10.7 Fighting
 * Level 15.9 Axes
 + Level 9.6 Armour
 - Level 1.5 Dodging


You had 10 spell levels left.
You didn't know any spells.
Your spell library was empty.

Dungeon Overview and Level Annotations

Branches:
Dungeon (9/15)             Temple (0/1) D:5
   Lair: D:8-11         Orc: D:9-12

Altars:
Cheibriados
Gozag
Nemelex Xobeh
Trog
Uskayaw
The Shining One

Shops:
D:1 ?

Annotations:
D:5 3 runed translucent doors, exclusion: 3 doors, theodolus's ghost, novice HOFi


Message History

You suddenly lose the ability to move!
The hornet stings you!
* * * LOW HITPOINT WARNING * * *
You are more poisoned.
You feel as though you will be slow longer.
You can move again.
A red film seems to cover your vision as you go berserk!
You feel yourself moving faster!
You feel mighty!
You feel extremely sick. The hornet barely misses you. The hornet stings you.
* * * LOW HITPOINT WARNING * * *
You are more poisoned.
You feel as though you will be slow longer.
You closely miss the hornet.
The hornet is lightly wounded.
You feel very sick. The hornet closely misses you.
You whack the hornet!
The hornet is heavily wounded.
You feel very sick. The hornet closely misses you.
You closely miss the hornet.
The hornet is heavily wounded.
You feel very sick. The hornet closely misses you.
You barely miss the hornet.
The hornet is heavily wounded.
You feel very sick. The hornet misses you.
You hit the hornet.
The hornet is severely wounded.
You feel very sick. The hornet misses you.
You barely miss the hornet.
The hornet is severely wounded.
You feel sick. The hornet stings you!
* * * LOW HITPOINT WARNING * * *
You feel as though you will be slow longer.
You closely miss the hornet.
The hornet is severely wounded.
You die...

#.# #.†...# ## #.#
#####'####### .#
#.# #.>..<......#
.# #.#
#....~P~....# .###
##.# #....~♣♣....#
...#########..#
#...♣~~ ....#
.#.........#.###
#.....P ...#
.#########.....####
#....... ..# .#
###.#.y@.# #.......
..# ##
#.####...+........
#.# #### #.# ..#
.## +


You could see a hornet.

Vanquished Creatures
  A hydra (D:8)
  Erica (D:8)
  2 two-headed ogres
  Maggie (D:8)
  Prince Ribbit (D:5)
  2 dream sheep (D:8)
  Sigmund (D:2)
  3 wyverns (D:9)
  Eustachio (D:6)
  Grum (D:8)
  A steam dragon (D:9)
  A vampire mosquito (D:9)
  3 water moccasins
  An ice beast (D:7)
  2 orc warriors
  A black bear (D:6)
  4 centaurs
  4 wolves (D:8)
  5 bullfrogs (D:8)
  6 kobold brigands
  A scorpion (D:5)
  A wight (D:9)
  5 killer bees (D:9)
  2 electric eels (D:7)
  2 bombardier beetles
  3 gnoll boudas
  3 hounds
  2 orc priests
  2 jellies
  A sleepcap (D:5)
  Jessica (D:2)
  2 iguanas (D:5)
  4 orc wizards
  14 gnolls
  5 adders
  3 shadow imps
  A white imp (D:7)
  6 ufetubi
  3 ribbon worms
  2 dart slugs (D:1)
  23 orcs
  9 ball pythons
  7 endoplasms
  4 giant cockroaches
  8 goblins
  8 hobgoblins
  5 jackals
  4 quokkas
  6 bats
  3 frilled lizards
  16 kobolds
  3 rats
201 creatures vanquished.

Vanquished Creatures (others)
  A bullfrog (D:8)
  A killer bee (D:9)
2 creatures vanquished.

Grand Total: 203 creatures vanquished

Notes
Turn   | Place    | Note
-------+----------+-------------------------------------------
     0 | D:1      | GiantSquids the Hill Orc Berserker began the quest for the
                  | Orb.
     0 | D:1      | Reached XP level 1. HP: 19/19 MP: 1/1
    99 | D:1      | Reached XP level 2. HP: 27/27 MP: 2/2
   330 | D:1      | Reached XP level 3. HP: 29/33 MP: 3/3
   349 | D:1      | Found a faded altar of an unknown god.
   366 | D:1      | Found Wejes's Magic Scroll Shop.
   373 | D:1      | Bought a scroll of identify for 28 gold pieces
   412 | D:1      | Reached skill level 5 in Axes
   448 | D:1      | Reached ** piety under Trog
  1118 | D:2      | Noticed Sigmund
  1130 | D:2      | Killed Sigmund
  1131 | D:2      | Reached skill level 6 in Axes
  1131 | D:2      | Reached XP level 4. HP: 19/41 MP: 4/4
  1131 | D:2      | Reached XP level 5. HP: 21/47 MP: 5/5
  1269 | D:2      | Noticed Jessica
  1272 | D:2      | Killed Jessica
  1273 | D:2      | Reached skill level 5 in Fighting
  1273 | D:2      | Reached XP level 6. HP: 49/56 MP: 6/6
  1333 | D:2      | Identified the +0 leather armour of the Maze {rElec Dex+3}
  1738 | D:3      | Reached skill level 7 in Axes
  1860 | D:3      | Found an opulent altar of Gozag.
  2072 | D:3      | Found a bloodstained altar of Trog.
  2072 | D:3      | Found a hide-covered altar of Uskayaw.
  2072 | D:3      | Found a snail-covered altar of Cheibriados.
  2134 | D:3      | Found a sparkling altar of Nemelex Xobeh.
  2550 | D:3      | Reached *** piety under Trog
  3433 | D:5      | Entered Level 5 of the Dungeon
  3449 | D:5      | Reached XP level 7. HP: 52/61 MP: 7/7
  3457 | D:5      | Reached skill level 8 in Axes
  3533 | D:5      | HP: 1/62 [burnt (4)]
  3539 | D:5      | HP: 2/62 [burnt (5)]
  3704 | D:5      | Identified a scroll of acquirement
  3705 | D:5      | Acquired the +1 cloak of Truth {Str+2}
  3865 | D:5      | Found a staircase to the Ecumenical Temple.
  3881 | D:5      | Noticed Prince Ribbit
  3899 | D:5      | Killed Prince Ribbit
  3900 | D:5      | Reached skill level 9 in Axes
  3900 | D:5      | Reached skill level 5 in Armour
  4122 | D:5      | Found a runed translucent gate.
  4122 | D:5      | Found a runed translucent gate.
  4122 | D:5      | Found a runed translucent gate.
  4136 | D:5      | Reached XP level 8. HP: 56/70 MP: 8/8
  4186 | D:5      | Noticed theodolus's ghost (novice HOFi)
  4609 | D:6      | Noticed Eustachio
  4633 | D:6      | Killed Eustachio
  4633 | D:6      | Reached **** piety under Trog
  4634 | D:6      | Reached skill level 10 in Axes
  5078 | D:6      | Reached skill level 11 in Axes
  5314 | D:6      | Reached XP level 9. HP: 59/79 MP: 9/9
  5745 | D:7      | Reached ***** piety under Trog
  6067 | D:7      | Found a glowing golden altar of the Shining One.
  6283 | D:7      | Reached skill level 12 in Axes
  6887 | D:8      | Noticed Maggie
  6918 | D:8      | Killed Maggie
  7025 | D:8      | Reached skill level 13 in Axes
  7040 | D:8      | Noticed Grum
  7066 | D:8      | Killed Grum
  7067 | D:8      | Reached XP level 10. HP: 50/90 MP: 10/10
  7281 | D:8      | Noticed a two-headed ogre
  7295 | D:8      | Killed a two-headed ogre
  7298 | D:8      | Reached skill level 14 in Axes
  7399 | D:8      | Noticed Erica
  7411 | D:8      | Killed Erica
  7744 | D:8      | Noticed a two-headed hydra
  7760 | D:8      | Killed a two-headed hydra
  7761 | D:8      | Reached skill level 10 in Fighting
  7761 | D:8      | Reached skill level 15 in Axes
  7770 | D:8      | Identified the +1 halberd of the Moon {speed, rN+ Str+3
                  | Int-2}
  8012 | D:9      | Reached XP level 11. HP: 59/101 MP: 11/11
  8444 | D:9      | Noticed a two-headed ogre
  8452 | D:9      | Killed a two-headed ogre
  8556 | D:9      | Paralysed by a hornet for 2 turns
  8561 | D:9      | Paralysed by a hornet for 3 turns
  8566 | D:9      | Paralysed by a hornet for 1 turns
  8573 | D:9      | HP: 1/151 [hornet (9)]
  8574 | D:9      | Succumbed to a hornet's poison

Illustrated notes

Levels and vault maps discovered:
D:1:      onia_arrival_pyramid, layout_rooms, ebering_ecumenical_altar_box,
          serial_shops, shop, minivault_23, st_stairs_4
D:2:      layout_basic, uniq_sigmund, uniq_jessica
D:3:      layout_basic, chequers_temple_overflow_statue_of_worship,
          mainiacjoe_overflow_alcove_4, lemuel_tele_altar, dk_noncrumbling_4
D:4:      layout_rooms, kennysheep_generic_room_16
D:5:      layout_rooms, minmay_temple_entry_grid, gammafunk_ghost_necromancy,
          uniq_prince_ribbit1
D:6:      layout_cave_pools, minivault_1, nicolae_elevator_lobby_asterisk,
          uniq_eustachio
D:7:      layout_basic, nicolae_tso_carved_into_rock, chequers_big_river
D:8:      layout_rooms, hangedman_ranch, uniq_maggie, uniq_erica, uniq_grum
D:9:      layout_roguey, hiddenorc1_lemuel, serial_bayou_pond_d,
          minmay_fractal_squares_5

Skill      XL: |  1  2  3  4  5  6  7  8  9 10 |
---------------+-------------------------------+-----
Fighting       | 4 5 6 7 8 10 | 10.7
Axes           | 6 7 9 11 13 15 | 15.9
Armour         | 3 4 5 6 7 9 |  9.6
Dodging        | |  1.5

Action                     |  1- 3 |  4- 6 |  7- 9 | 10-12 || total
---------------------------+-------+-------+-------+-------++-------
  Melee: Hand axe          |    90 |   158 |       |       ||   248
         Punch             |     1 |       |     5 |     5 ||    11
         Whip              |       |    15 |   499 |   231 ||   745
 Invoke: Berserk           |     1 |       |     4 |     6 ||    11
         Trog's Hand       |       |       |     1 |     1 ||     2
    Use: Scroll            |       |       |     7 |       ||     7
         Potion            |       |       |     2 |       ||     2
   Stab: Sleeping          |     1 |       |       |       ||     1
         Distracted        |       |       |       |     1 ||     1
 Armour: Animal skin       |    73 |     3 |       |       ||    76
         Leather armour    |       |    81 |   274 |   128 ||   483
  Dodge: Dodged            |    58 |   142 |   442 |   150 ||   792
